[Event "Titled Tuesday Blitz April 26 Early 2022"]
[White "Ezat, Mohamed"]
[Black "Pourkashiyan, Atousa"]
[WhiteFideId "10600906"]
[BlackFideId "12502014"]
[WhiteElo "2386"]
[BlackElo "2247"]
[Result "0-1"]
[Round "03"]
[TimeControl "180+1"]
[Date "2022.04.26"]
[WhiteClock "0:00:15"]
[BlackClock "0:00:14"]

1. d4 Nf6 2. c4 e6 3. Nc3 Bb4 4. e3 O-O 5. a3 Bxc3+ 6. bxc3 c5 7. Bd3 d5 8. cxd5 exd5 9. f3 Re8 10. Ne2 Nc6 11. O-O b6 12. Ng3 Be6 13. Ra2 Rc8 14. Raf2 cxd4 15. cxd4 Na5 16. Bb1 Rc4 17. Ba2 Rc3 18. e4 dxe4 19. fxe4 Bxa2 20. Rxa2 Nxe4 21. Nf5 Nd6 22. Ng3 Qh4 23. Rf4 Qh6 24. Raf2 Rec8 25. Bd2 Rd3 26. Nf1 Nac4 27. Bc1 Rxd1 28. Rxf7 Qxc1 29. h3 Nxf7 0-1


[Site "https://www.chess.com"]

[Event "Titled Tuesday Blitz April 26 Early 2022"]
[White "Fernandez, Daniel Howard"]
[Black "Andreikin, Dmitry"]
[WhiteFideId "5801605"]
[BlackFideId "4158814"]
[WhiteElo "2835"]
[BlackElo "3087"]
[Result "0-1"]
[Round "03"]
[TimeControl "180+1"]
[Date "2022.04.26"]
[WhiteClock "0:00:08"]
[BlackClock "0:00:33"]

1. e4 c5 2. Nf3 Nc6 3. d4 cxd4 4. Nxd4 e6 5. Nc3 Qc7 6. a3 a6 7. Be3 Nf6 8. f4 d6 9. Qf3 Bd7 10. O-O-O h5 11. h3 Rc8 12. Kb1 h4 13. g4 hxg3 14. Qxg3 b5 15. Nxc6 Bxc6 16. Bg2 Bxe4 17. Nxe4 Qxc2+ 18. Ka1 Nxe4 19. Qf3 Nc5 20. Rc1 Qd3 21. Rcd1 Nb3+ 22. Ka2 Qc4 23. Kb1 Qc2+ 24. Ka2 Qc4 25. Kb1 d5 26. Qf2 Bc5 27. f5 O-O 28. Bxc5 Nxc5 29. f6 Ne4 30. Bxe4 Qxe4+ 31. Ka1 Rc2 32. Qg3 Rg2 33. Qc3 g6 34. h4 Kh7 35. h5 g5 36. Rhe1 Qc2 37. Qb4 a5 38. Qxb5 a4 39. Rc1 Qb3 40. Qxb3 axb3 41. Rc3 Rb8 42. Rc7 Kg8 43. h6 Rh2 44. Rg1 Rxh6 45. Rxg5+ Kf8 46. Rg1 Rxf6 0-1


[Site "https://www.chess.com"]

[Event "Titled Tuesday Blitz April 26 Early 2022"]
[White "Fiorito, Fabian"]
[Black "Srihari L R"]
[WhiteFideId "100200"]
[BlackFideId "46617116"]
[WhiteElo "2395"]
[BlackElo "2121"]
[Result "0-1"]
[Round "03"]
[TimeControl "180+1"]
[Date "2022.04.26"]
[WhiteClock "0:00:23"]
[BlackClock "0:01:25"]

1. d4 Nf6 2. Nc3 d5 3. Bf4 c5 4. e4 cxd4 5. Qxd4 Nc6 6. Bb5 Bd7 7. Bxc6 Bxc6 8. e5 Nd7 9. e6 fxe6 10. Nf3 Qb6 11. Be5 Nxe5 12. Qxe5 Bd7 13. O-O-O Qd6 14. Qd4 Qb6 15. Rhe1 Qxd4 16. Nxd4 Kf7 17. g3 g6 18. f4 Bg7 19. Ncb5 Bxb5 20. Nxb5 Rhc8 21. c3 a6 22. Nd4 Bxd4 23. Rxd4 Rc6 24. Kb1 Rac8 25. Rd3 Rc4 26. Rde3 R8c6 27. Rd1 b5 28. Rde1 b4 29. cxb4 Rxb4 30. a3 Rbb6 31. Rd3 Rc4 32. h4 h5 33. Re5 a5 34. Re1 a4 35. Ree3 Kf6 36. Re5 Rbc6 37. Ka2 Rc2 38. Kb1 Rg2 39. Rde3 Rb6 40. Re2 Rxg3 41. Rg5 Rxg5 42. fxg5+ Kf5 43. Rd2 Rd6 44. Rd4 Ra6 45. Kc2 Ra5 46. Kd2 e5 47. Rb4 d4 48. Rb7 Ke4 49. Rxe7 Rb5 50. Kc2 d3+ 51. Kc1 Ke3 52. Rd7 e4 53. Rd6 Rc5+ 54. Kd1 Rc2 55. Rxg6 Rh2 0-1


[Site "https://www.chess.com"]

[Event "Titled Tuesday Blitz April 26 Early 2022"]
[White "Gu, Xiaobing"]
[Black "Buscar, Michael"]
[WhiteFideId "8602611"]
[BlackFideId "2603616"]
[WhiteElo "2174"]
[BlackElo "2010"]
[Result "1-0"]
[Round "03"]
[TimeControl "180+1"]
[Date "2022.04.26"]
[WhiteClock "0:00:09"]
[BlackClock "0:00:06"]

1. e4 c5 2. Nf3 Nc6 3. Bb5 Nf6 4. e5 Nd5 5. O-O g6 6. Re1 Nc7 7. Bf1 Bg7 8. c3 O-O 9. d4 cxd4 10. cxd4 d5 11. h3 f6 12. Nc3 fxe5 13. Nxe5 Nxe5 14. dxe5 Be6 15. Bg5 Rf5 16. Qd2 Rxe5 17. Bf4 Rxe1 18. Rxe1 Bf7 19. Be5 Ne8 20. Qd4 Bf6 21. Bb5 Qb6 22. Bxf6 Qxf6 23. Re5 Nd6 24. Nxd5 Bxd5 25. Qxd5+ Kg7 26. Re6 Qf7 27. Qe5+ Kf8 28. Ba4 Rc8 29. Bb3 Nf5 30. Qh8+ Qg8 31. Qxg8+ Kxg8 32. Rc6+ Kg7 33. Rxc8 Kf6 34. Rc7 e6 35. Rxb7 1-0


[Site "https://www.chess.com"]

[Event "Titled Tuesday Blitz April 26 Early 2022"]
[White "Gunduz, Umut Erdem"]
[Black "Banusz, Tamas"]
[WhiteFideId "6381383"]
[BlackFideId "722413"]
[WhiteElo "2099"]
[BlackElo "2602"]
[Result "0-1"]
[Round "03"]
[TimeControl "180+1"]
[Date "2022.04.26"]
[WhiteClock "0:00:23"]
[BlackClock "0:01:10"]

1. e4 e5 2. Nf3 Nc6 3. Bb5 a6 4. Ba4 Nf6 5. O-O Be7 6. Re1 b5 7. Bb3 d6 8. c3 O-O 9. h3 Na5 10. Bc2 c5 11. d4 Nd7 12. a4 Bb7 13. Nbd2 exd4 14. cxd4 Nc6 15. d5 Nb4 16. Bb1 c4 17. Nf1 Nc5 18. Be3 Nbd3 19. Re2 Bf6 20. axb5 axb5 21. Rxa8 Qxa8 22. Bxc5 Nxc5 23. e5 dxe5 24. Nxe5 Bxd5 25. Ne3 Rd8 26. Nxd5 Qxd5 27. Qe1 Qd1 28. f4 Qxe1+ 29. Rxe1 g6 30. Kf1 Na4 31. Nc6 Rd2 32. b4 cxb3 33. Na7 Nc3 0-1


[Site "https://www.chess.com"]

[Event "Titled Tuesday Blitz April 26 Early 2022"]
[White "Guseva, Marina"]
[Black "Van den Dikkenberg, Erik"]
[WhiteFideId "4149351"]
[BlackFideId "1005880"]
[WhiteElo "2071"]
[BlackElo "2118"]
[Result "1-0"]
[Round "03"]
[TimeControl "180+1"]
[Date "2022.04.26"]
[WhiteClock "0:01:15"]
[BlackClock "0:01:38"]

1. d4 Nf6 2. Nf3 g6 3. Bf4 c5 4. e3 Qb6 5. Nc3 Qxb2 6. Nb5 Qb4+ 7. c3 Qa5 8. Nc7+ Kd8 9. Nxa8 Qxc3+ 10. Nd2 cxd4 11. Rc1 Qa3 12. Bc7+ Ke8 13. Bxb8 Kd8 14. Qc2 e5 15. Qxc8+ Ke7 16. Qc5+ Qxc5 17. Rxc5 Ke6 18. Rxe5# 1-0


[Site "https://www.chess.com"]

[Event "Titled Tuesday Blitz April 26 Early 2022"]
[White "Hamley, Ryan"]
[Black "Kucuksari, Kaan"]
[WhiteFideId "30959497"]
[BlackFideId "6380166"]
[WhiteElo "2445"]
[BlackElo "2305"]
[Result "0-1"]
[Round "03"]
[TimeControl "180+1"]
[Date "2022.04.26"]
[WhiteClock "0:00:02"]
[BlackClock "0:00:07"]

1. d4 d5 2. c4 c6 3. Nc3 Nf6 4. e3 e6 5. Nf3 Nbd7 6. Qc2 Bd6 7. b3 O-O 8. Bb2 e5 9. dxe5 Nxe5 10. cxd5 cxd5 11. Nd4 Ne4 12. Nxe4 dxe4 13. a3 f5 14. Be2 Qg5 15. O-O Bd7 16. Qd2 Rad8 17. Rac1 Bc6 18. g3 f4 19. Ne6 Qh6 20. Nxf4 Nf3+ 21. Bxf3 Bxf4 22. Qc3 exf3 23. exf4 Rd7 24. Kh1 Qh3 25. Rg1 Rf5 26. g4 Rf6 27. Qe5 Rf8 28. f5 Rfd8 29. Rce1 Rf7 30. Rg3 Qh4 31. g5 Re8 32. Qc3 Rfe7 33. Rxe7 Rxe7 34. Rg1 Qh3 35. f6 Rd7 36. fxg7 Qg2+ 37. Rxg2 fxg2+ 38. Kg1 Rd1+ 39. Qe1 Rxe1# 0-1


[Site "https://www.chess.com"]

[Event "Titled Tuesday Blitz April 26 Early 2022"]
[White "Harikrishna, Pentala"]
[Black "Maghsoodloo, Parham"]
[WhiteFideId "5007003"]
[BlackFideId "12539929"]
[WhiteElo "2574"]
[BlackElo "2630"]
[Result "1/2-1/2"]
[Round "03"]
[TimeControl "180+1"]
[Date "2022.04.26"]
[WhiteClock "0:00:10"]
[BlackClock "0:00:08"]

1. e4 e5 2. Nf3 Nc6 3. Bb5 a6 4. Ba4 Nf6 5. O-O b5 6. Bb3 Bc5 7. a4 Rb8 8. c3 d6 9. d4 Bb6 10. a5 Ba7 11. h3 O-O 12. Be3 Ra8 13. Nbd2 h6 14. Re1 exd4 15. cxd4 Nb4 16. d5 Nd3 17. Re2 Bxe3 18. Rxe3 Nf4 19. Nd4 Bd7 20. Rc1 Re8 21. Bc2 Qe7 22. Bb1 Rac8 23. N2f3 Qf8 24. Qd2 g5 25. Nc6 Qg7 26. Nfd4 g4 27. hxg4 Nxg4 28. Rg3 Nh5 29. Rf3 Ne5 30. Rfc3 Kh8 31. Nxe5 dxe5 32. Ne2 Rg8 33. Ng3 Nf4 34. Rxc7 h5 35. Rxd7 Rxc1+ 36. Qxc1 h4 37. Qe3 hxg3 38. fxg3 Qxg3 39. Qxg3 Rxg3 40. Rxf7 Rxg2+ 41. Kf1 Rxb2 42. d6 Rxb1+ 43. Kf2 Rd1 44. d7 Ne6 45. Re7 Nc5 46. Re8+ Kg7 47. d8=Q Nxe4+ 48. Ke3 Rxd8 49. Rxd8 Nc5 50. Rd5 Nb3 51. Rd6 Nxa5 52. Rxa6 Nc4+ 53. Ke4 Kf7 54. Rc6 Ke7 55. Kd5 Kd7 56. Rc5 Nb6+ 57. Kxe5 b4 58. Kd4 Kd6 59. Rb5 Nd7 60. Rxb4 Kc6 61. Rc4+ Kd6 62. Ra4 Kc6 63. Ra6+ Kb5 64. Rh6 Nb6 65. Rh5+ Kc6 66. Rc5+ Kd6 67. Rc1 Nd7 68. Rh1 Kc6 69. Rh6+ Kb5 70. Rd6 Nb6 71. Rxb6+ Kxb6 1/2-1/2


[Site "https://www.chess.com"]

[Event "Titled Tuesday Blitz April 26 Early 2022"]
[White "Harshavardhan G B"]
[Black "Avalos Parra, Joao"]
[WhiteFideId "25059009"]
[BlackFideId "3402541"]
[WhiteElo "1831"]
[BlackElo "2173"]
[Result "1-0"]
[Round "03"]
[TimeControl "180+1"]
[Date "2022.04.26"]
[WhiteClock "0:01:15"]
[BlackClock "0:00:13"]

1. e4 c6 2. d4 d5 3. exd5 cxd5 4. c4 Nc6 5. Nc3 Nf6 6. Nf3 e6 7. Bg5 Be7 8. c5 O-O 9. Bb5 a6 10. Bxc6 bxc6 11. O-O Rb8 12. Rb1 a5 13. Re1 Ba6 14. Ne5 Qc8 15. a3 Re8 16. Qa4 Bb5 17. Nxb5 Rxb5 18. b4 axb4 19. Rxb4 Rxb4 20. axb4 Ne4 21. Bxe7 Rxe7 22. Qxc6 Rc7 23. Qa4 f6 24. Nd3 Qb8 25. Qa6 Kf7 26. Nf4 Re7 27. Nd3 Ra7 28. Qc6 Rc7 29. Qa4 Ra7 30. Qc2 Qb5 31. f3 Ra3 32. fxe4 Rxd3 33. exd5 exd5 34. Qe2 Kg6 35. c6 1-0


[Site "https://www.chess.com"]

[Event "Titled Tuesday Blitz April 26 Early 2022"]
[White "Hartikainen, Jarmo"]
[Black "Olsen, Filip Boe"]
[WhiteFideId "503134"]
[BlackFideId "1440640"]
[WhiteElo "2120"]
[BlackElo "2188"]
[Result "0-1"]
[Round "03"]
[TimeControl "180+1"]
[Date "2022.04.26"]
[WhiteClock "0:00:03"]
[BlackClock "0:00:12"]

1. e4 c6 2. d4 d5 3. Nc3 dxe4 4. Nxe4 Bf5 5. Ng3 Bg6 6. h4 h6 7. Bc4 e6 8. N1e2 Nf6 9. Nf4 Bh7 10. O-O Bd6 11. Nxe6 fxe6 12. Bxe6 Qc7 13. Qe2 Kd8 14. Qf3 Nbd7 15. Bd2 Re8 16. Rfe1 Qb6 17. c4 Qxd4 18. Bc3 Qf4 19. Qxf4 Bxf4 20. Rad1 Kc7 21. b4 Re7 22. Bxd7 Rxd7 23. Rxd7+ Kxd7 24. Rd1+ Kc7 25. Ne2 Bd6 26. c5 Be7 27. Be5+ Kc8 28. f4 b6 29. Bd6 Bxd6 30. Rxd6 Kc7 31. Nd4 bxc5 32. bxc5 Bg8 33. Rxc6+ Kb7 34. Rd6 Rc8 35. Nf5 Rc7 36. g3 Bxa2 37. Rd2 Bc4 38. Rb2+ Kc6 39. Nd4+ Kxc5 40. Nf5 Ne4 41. Kg2 Rd7 42. Kf3 Bd5 43. Kg4 Nf6+ 44. Kh3 Be6 45. g4 Bxf5 46. gxf5 Rd3+ 47. Kg2 a5 48. Kf2 a4 49. Ke2 Rh3 50. Rc2+ Kd5 51. Ra2 Rh2+ 52. Kd3 Rxa2 0-1


[Site "https://www.chess.com"]

[Event "Titled Tuesday Blitz April 26 Early 2022"]
[White "Hasangatin, Ramil"]
[Black "Miszler, Levente"]
[WhiteFideId "4122160"]
[BlackFideId "763276"]
[WhiteElo "2375"]
[BlackElo "1966"]
[Result "1-0"]
[Round "03"]
[TimeControl "180+1"]
[Date "2022.04.26"]
[WhiteClock "0:01:34"]
[BlackClock "0:00:49"]

1. d4 Nf6 2. Nc3 e6 3. Bg5 d5 4. e4 dxe4 5. Nxe4 Be7 6. Bxf6 Bxf6 7. Nf3 Nd7 8. c3 O-O 9. Bd3 e5 10. d5 Be7 11. Bc2 f5 12. Ng3 e4 13. Nd4 Ne5 14. Ne6 Bxe6 15. dxe6 Bd6 16. Qd5 Qe7 17. O-O-O Kh8 18. f4 Ng6 19. Nxf5 Rxf5 20. Qxf5 Rf8 21. Qxe4 Rxf4 22. Qxb7 Ne5 23. Rhf1 g5 24. Rxf4 gxf4 25. Qe4 Qxe6 26. Qxh7# 1-0


[Site "https://www.chess.com"]

[Event "Titled Tuesday Blitz April 26 Early 2022"]
[White "Hnydiuk, Aleksander"]
[Black "Andrews, Todd"]
[WhiteFideId "1109057"]
[BlackFideId "2012456"]
[WhiteElo "2374"]
[BlackElo "2353"]
[Result "1-0"]
[Round "03"]
[TimeControl "180+1"]
[Date "2022.04.26"]
[WhiteClock "0:00:27"]
[BlackClock "0:00:14"]

1. d4 Nf6 2. c4 c5 3. d5 b5 4. cxb5 a6 5. b6 e6 6. Nc3 Nxd5 7. Nxd5 exd5 8. Qxd5 Nc6 9. e3 Be7 10. Bc4 O-O 11. Nf3 Rb8 12. O-O Rxb6 13. Rd1 Na5 14. Be2 Rd6 15. Qh5 Rxd1+ 16. Bxd1 d5 17. Bd2 Be6 18. Bc2 g6 19. Qh6 Bf6 20. Rd1 Nc4 21. Bc3 Bxc3 22. Ng5 Re8 23. bxc3 Qf6 24. Qxh7+ Kf8 25. Qh6+ Qg7 26. Qh4 Qxc3 27. Ba4 Re7 28. Nh7+ Kg7 29. Qxe7 Kxh7 30. Qxc5 Kg7 31. Qd4+ Qxd4 32. Rxd4 Kf6 33. Bb3 Ke5 34. Kf1 a5 35. Bxc4 dxc4 36. Ke1 g5 37. Kd2 f5 38. g3 Bd5 39. Kc3 Be6 40. h4 gxh4 41. Rxh4 Bd5 42. a3 Be6 43. f3 Bd5 44. Rf4 Be6 45. Rxc4 Bxc4 46. Kxc4 a4 47. Kc5 1-0


[Site "https://www.chess.com"]

[Event "Titled Tuesday Blitz April 26 Early 2022"]
[White "Hoffmann, Asa"]
[Black "O`Gorman, Tom"]
[WhiteFideId "2001470"]
[BlackFideId "2508249"]
[WhiteElo "2117"]
[BlackElo "2247"]
[Result "0-1"]
[Round "03"]
[TimeControl "180+1"]
[Date "2022.04.26"]
[WhiteClock "0:01:31"]
[BlackClock "0:01:18"]

1. d4 d5 2. Bg5 f6 3. Bf4 Nc6 4. e3 e5 5. Bg3 exd4 6. exd4 Bd6 7. Nc3 Nge7 8. Bd3 O-O 9. Nf3 Bf5 10. O-O Qd7 11. Re1 Rae8 12. a3 Bg4 13. Bb5 a6 14. Ba4 Bxg3 15. hxg3 b5 16. Bb3 Na5 17. Ba2 c6 18. Qd2 Nc4 19. Bxc4 dxc4 20. Re2 Nd5 21. Rae1 Rxe2 22. Rxe2 Qf5 23. Nxd5 Qxd5 24. Qf4 Bxf3 25. gxf3 c5 26. dxc5 Qd1+ 27. Kg2 Qxe2 0-1


[Site "https://www.chess.com"]

[Event "Titled Tuesday Blitz April 26 Early 2022"]
[White "Ibrahimli, Murad"]
[Black "Riehle, Marco"]
[WhiteFideId "13410229"]
[BlackFideId "12904392"]
[WhiteElo "2109"]
[BlackElo "2462"]
[Result "1-0"]
[Round "03"]
[TimeControl "180+1"]
[Date "2022.04.26"]
[WhiteClock "0:00:25"]
[BlackClock "0:00:19"]

1. Nf3 d5 2. d4 Nf6 3. c4 e6 4. Nc3 c5 5. cxd5 Nxd5 6. e3 cxd4 7. exd4 Be7 8. Bd3 O-O 9. O-O b6 10. Nxd5 Qxd5 11. Qc2 Bb7 12. Bxh7+ Kh8 13. Bd3 Nc6 14. Qc4 Qh5 15. Be4 Rac8 16. Qa4 f5 17. Bb1 Bd6 18. h3 Rf6 19. d5 Nb4 20. Qd7 Rg6 21. Ng5 f4 22. Bxg6 Qxg6 23. Qxb7 Rf8 24. Nf3 Nxd5 25. Re1 e5 26. Qxd5 1-0


[Site "https://www.chess.com"]

[Event "Titled Tuesday Blitz April 26 Early 2022"]
[White "Jakubowski, Krzysztof"]
[Black "Gschnitzer, Adrian"]
[WhiteFideId "1112848"]
[BlackFideId "1270337"]
[WhiteElo "2365"]
[BlackElo "2294"]
[Result "1-0"]
[Round "03"]
[TimeControl "180+1"]
[Date "2022.04.26"]
[WhiteClock "0:00:33"]
[BlackClock "0:00:10"]

1. e4 c6 2. d4 d5 3. exd5 cxd5 4. Bd3 Nc6 5. c3 Qc7 6. Na3 e5 7. Nb5 Qb8 8. dxe5 Nxe5 9. Ne2 a6 10. Nbd4 Nf6 11. Bf4 Bd6 12. Bxe5 Bxe5 13. Qd2 O-O 14. O-O-O Ne4 15. Qe3 f5 16. f4 Bf6 17. Bxe4 dxe4 18. h3 b5 19. Rhg1 b4 20. Nc6 Qb7 21. Nxb4 Be6 22. Nd4 Bf7 23. Nxf5 Rfc8 24. Kb1 a5 25. Nd6 Qc7 26. Nc2 Rcb8 27. Ka1 a4 28. Nxf7 a3 29. Ne5 axb2+ 30. Kb1 Be7 31. Qxe4 Rxa2 32. Qd5+ Kh8 33. Nf7+ Kg8 34. Nh6+ Kh8 35. Qg8+ Rxg8 36. Nf7# 1-0


[Site "https://www.chess.com"]

[Event "Titled Tuesday Blitz April 26 Early 2022"]
[White "Janaszak, Dawid"]
[Black "Matveeva, Olga"]
[WhiteFideId "1119206"]
[BlackFideId "24107018"]
[WhiteElo "2199"]
[BlackElo "2083"]
[Result "1-0"]
[Round "03"]
[TimeControl "180+1"]
[Date "2022.04.26"]
[WhiteClock "0:00:30"]
[BlackClock "0:00:06"]

1. e4 e6 2. b3 d5 3. Bb2 dxe4 4. Nc3 Nf6 5. Qe2 Bd7 6. g4 Bc6 7. Bg2 Nbd7 8. Nxe4 Nxe4 9. Bxe4 Bxe4 10. Qxe4 Nc5 11. Qe2 Qd5 12. Nf3 O-O-O 13. O-O-O h5 14. Ne5 f6 15. Nf7 Bd6 16. Nxd8 Rxd8 17. gxh5 Bf4 18. Kb1 a5 19. Qg4 Bxd2 20. Qxg7 Ne4 21. h6 Nxf2 22. h7 Nxd1 23. Rxd1 Bh6 24. Rxd5 Bxg7 25. Rxa5 Rd1+ 26. Bc1 Rh1 27. Rh5 Bh8 28. Kb2 Kd7 29. Bd2 Ke7 30. Bc3 Kf7 31. Rh3 Kg6 32. Rd3 Kxh7 33. Rd7+ Kg6 34. Rxc7 Rxh2 35. Rxb7 e5 36. a4 e4 37. a5 e3 38. a6 e2 39. Re7 f5 40. Bxh8 Rxh8 41. Rxe2 f4 42. b4 Kf5 43. b5 f3 44. Re7 Kf4 45. b6 Rf8 46. b7 f2 47. a7 f1=Q 48. b8=Q+ Kf3 49. Qxf8+ 1-0


[Site "https://www.chess.com"]

[Event "Titled Tuesday Blitz April 26 Early 2022"]
[White "Jobava, Baadur"]
[Black "Moussard, Jules"]
[WhiteFideId "13601520"]
[BlackFideId "642908"]
[WhiteElo "2617"]
[BlackElo "2589"]
[Result "1-0"]
[Round "03"]
[TimeControl "180+1"]
[Date "2022.04.26"]
[WhiteClock "0:00:28"]
[BlackClock "0:00:09"]

1. b3 e5 2. Bb2 Nc6 3. Nf3 Qe7 4. e3 g6 5. d4 Bg7 6. Be2 d6 7. O-O Nh6 8. Nc3 O-O 9. Nd5 Qd8 10. dxe5 dxe5 11. e4 Be6 12. Bb5 f6 13. Ba3 Rf7 14. Bxc6 bxc6 15. Ne7+ Kh8 16. Qxd8+ Rxd8 17. Nxc6 Ra8 18. Rfd1 Bd7 19. Ne7 Bg4 20. Nd5 c6 21. Ne3 Bh5 22. Bb2 Re8 23. Rd6 f5 24. Rxc6 fxe4 25. Ng5 Rd7 26. Nxe4 Nf5 27. Nxf5 gxf5 28. Nf6 Bxf6 29. Rxf6 Bg6 30. f4 Kg7 31. Bxe5 Kh6 32. h3 Rd2 33. c4 Red8 34. c5 Kh5 35. Rc1 Kh4 36. Rd6 R8xd6 37. cxd6 Bf7 38. Rf1 Bd5 39. Rf2 Rd1+ 40. Kh2 Be4 41. a4 a5 42. Re2 Rd3 43. d7 Rxd7 44. g4 Rf7 45. Bc3 fxg4 46. Be1+ Kh5 47. Rxe4 gxh3 48. Kxh3 Rb7 49. Re5+ Kg6 50. Rb5 Re7 51. Bxa5 Re3+ 52. Kg4 h5+ 53. Rxh5 Rxb3 54. Rg5+ Kf7 55. Bc7 Ra3 56. a5 Ke6 57. Bb6 Ra1 58. f5+ Kf7 59. Rg7+ Kf8 60. Bc5+ Ke8 61. f6 1-0


[Site "https://www.chess.com"]

[Event "Titled Tuesday Blitz April 26 Early 2022"]
[White "Johnson, Ben"]
[Black "Dauner, Benedikt"]
[WhiteFideId "2010917"]
[BlackFideId "16225899"]
[WhiteElo "2179"]
[BlackElo "2230"]
[Result "0-1"]
[Round "03"]
[TimeControl "180+1"]
[Date "2022.04.26"]
[WhiteClock "0:00:03"]
[BlackClock "0:00:04"]

1. Nf3 Nf6 2. c4 g6 3. b3 Bg7 4. Bb2 O-O 5. g3 a5 6. Bg2 a4 7. O-O d6 8. d4 Nbd7 9. Nc3 a3 10. Bc1 c5 11. e3 Rb8 12. Nb5 Ne4 13. Bxa3 Qa5 14. Qe1 Qb6 15. Rd1 Ra8 16. Qe2 Rxa3 17. Nxa3 Nc3 18. Qc2 Nxd1 19. Rxd1 Nf6 20. Nb5 Bd7 21. a4 Qa5 22. dxc5 dxc5 23. Ne5 Bf5 24. e4 Be6 25. f4 Rd8 26. Rxd8+ Qxd8 27. Qd3 Qa5 28. Qc3 Qd8 29. Qd3 Qc8 30. Nf3 Bd7 31. e5 Bf5 32. Qe2 Ne8 33. Nc3 e6 34. Nb5 Qd7 35. Qd2 Qc8 36. Nh4 Bf8 37. Nxf5 gxf5 38. Nd6 Nxd6 39. exd6 b6 40. d7 Qd8 41. Qd3 Be7 42. h3 Qc7 43. Kf2 Bd8 44. Ke3 Kf8 45. g4 fxg4 46. hxg4 h6 47. Be4 Ke7 48. Qd2 Kf8 49. Qd3 Be7 50. Bf3 Bd6 51. Qe4 Qxd7 52. Qc6 Qe7 53. Qxb6 Bc7 54. Qc6 Qd8 55. Qe4 Ba5 56. Qd3 Qc7 57. Qe4 Bc3 58. Qd3 Bd4+ 59. Ke2 Qxf4 60. Qe4 Qh2+ 61. Kd3 Qb2 62. Qa8+ Kg7 63. Qb7 Qc3+ 64. Ke4 Qe3# 0-1


[Site "https://www.chess.com"]

[Event "Titled Tuesday Blitz April 26 Early 2022"]
[White "Jones, Daniel"]
[Black "Piesik, Piotr"]
[WhiteFideId "2019655"]
[BlackFideId "1136194"]
[WhiteElo "2333"]
[BlackElo "2190"]
[Result "0-1"]
[Round "03"]
[TimeControl "180+1"]
[Date "2022.04.26"]
[WhiteClock "0:00:27"]
[BlackClock "0:01:53"]

1. f4 e5 2. fxe5 d6 3. Nf3 dxe5 4. e4 Nd7 5. Bc4 Bc5 6. c3 Ngf6 7. d3 O-O 8. Qe2 c6 9. Be3 Bxe3 10. Qxe3 Qe7 11. Nbd2 Nc5 12. O-O b5 13. Bb3 Nxb3 14. axb3 a5 15. Nh4 Ng4 16. Qg3 Qc5+ 17. Kh1 Qe3 18. Qxe3 Nxe3 19. Rf3 Ng4 20. Nf5 Bxf5 21. Rxf5 Rfd8 22. h3 Rxd3 23. hxg4 Rxd2 24. Rxe5 f6 25. Rc5 Rxb2 26. b4 a4 27. Rxc6 a3 28. e5 a2 29. e6 Rb1+ 0-1


[Site "https://www.chess.com"]

[Event "Titled Tuesday Blitz April 26 Early 2022"]
[White "Kaminski, Victor"]
[Black "Kozak, Antoni"]
[WhiteFideId "1131630"]
[BlackFideId "21832030"]
[WhiteElo "2181"]
[BlackElo "2236"]
[Result "1/2-1/2"]
[Round "03"]
[TimeControl "180+1"]
[Date "2022.04.26"]
[WhiteClock "0:00:36"]
[BlackClock "0:01:30"]

1. e4 c5 2. Nf3 d6 3. Bb5+ Nd7 4. O-O Nf6 5. Re1 a6 6. Bd3 e6 7. c3 Ne5 8. Bc2 Be7 9. d4 Nxf3+ 10. Qxf3 Qc7 11. e5 Nd7 12. exd6 Bxd6 13. dxc5 Nxc5 14. Nd2 Bd7 15. h3 Bc6 16. Ne4 Nxe4 17. Bxe4 Bxe4 18. Rxe4 O-O 19. Bh6 f5 20. Rxe6 gxh6 21. Qd5 Bh2+ 22. Kh1 Rad8 23. Rd6+ Kg7 24. Qd4+ Kg8 25. Qd5+ Kh8 26. Qd4+ Kg8 27. Qd5+ 1/2-1/2


[Site "https://www.chess.com"]

[Event "Titled Tuesday Blitz April 26 Early 2022"]
[White "Karavade, Eesha"]
[Black "Lopez Del Alamo, Antonio"]
[WhiteFideId "5012600"]
[BlackFideId "2227339"]
[WhiteElo "2258"]
[BlackElo "2082"]
[Result "1-0"]
[Round "03"]
[TimeControl "180+1"]
[Date "2022.04.26"]
[WhiteClock "0:00:14"]
[BlackClock "0:00:11"]

1. d4 Nf6 2. c4 g6 3. Nc3 Bg7 4. e4 d6 5. Nf3 O-O 6. h3 e5 7. d5 c6 8. Bg5 h6 9. Be3 cxd5 10. cxd5 a6 11. a4 a5 12. Nd2 Na6 13. Nc4 Nc5 14. Bd3 b6 15. Qc2 Ba6 16. Bxc5 bxc5 17. Ne3 Bxd3 18. Qxd3 Nh5 19. g3 Rb8 20. Nb5 f5 21. exf5 gxf5 22. g4 Nf4 23. Qc2 e4 24. Nxf5 Nd3+ 25. Kf1 Rxf5 26. gxf5 Qe7 27. Rg1 Rf8 28. Rg2 Rxf5 29. Rd1 Re5 30. Nc3 Nf4 31. Rg3 Nh5 32. Rg2 Qh4 33. Qe2 Nf4 34. Qg4 Nxg2 35. Qxg2 Kh8 36. Qg4 Qe7 37. Re1 e3 38. Rxe3 Rxe3 39. fxe3 Qxe3 40. Qc8+ Kh7 41. Qf5+ Kg8 42. Qc8+ Bf8 43. Qg4+ Bg7 44. Qc8+ Kh7 45. Qe6 Qxe6 46. dxe6 Bf6 47. Nd5 Kg6 48. e7 Kf7 49. Nxf6 Kxe7 50. Nd5+ Ke6 51. Nc3 d5 52. Ke2 Ke5 53. Nb5 Kf4 54. Kd3 Kg3 55. Nc7 d4 56. Ne6 Kxh3 57. Nxc5 Kg4 58. Ne4 h5 59. Kxd4 h4 60. Ke3 h3 61. Nf2+ Kg3 62. Nxh3 Kxh3 63. Kd4 Kg4 64. Kc5 Kf5 65. Kb5 Ke6 66. Kxa5 Kd7 67. Ka6 Kc8 68. Ka7 1-0


[Site "https://www.chess.com"]

[Event "Titled Tuesday Blitz April 26 Early 2022"]
[White "Kejzar, Petra"]
[Black "Melikhov, Evgeny V."]
[WhiteFideId "14610213"]
[BlackFideId "4122046"]
[WhiteElo "2003"]
[BlackElo "1931"]
[Result "1/2-1/2"]
[Round "03"]
[TimeControl "180+1"]
[Date "2022.04.26"]
[WhiteClock "0:00:04"]
[BlackClock "0:00:17"]

1. e4 c5 2. Nf3 d6 3. Nc3 Nf6 4. d4 cxd4 5. Nxd4 a6 6. Be2 e6 7. O-O Be7 8. f4 O-O 9. Be3 Qc7 10. Kh1 Nc6 11. Bf3 Re8 12. Nxc6 bxc6 13. e5 Nd5 14. Nxd5 cxd5 15. Bd4 dxe5 16. fxe5 Bc5 17. Bxc5 Qxc5 18. Bh5 Rf8 19. Qf3 Ra7 20. c3 f6 21. Rae1 fxe5 22. Qxf8+ Qxf8 23. Rxf8+ Kxf8 24. Rxe5 Ke7 25. Bf3 Kd6 26. Re2 e5 27. Rd2 Be6 28. Kg1 Kc5 29. Kf2 e4 30. Bd1 a5 31. Ke3 Rb7 32. Be2 g5 33. c4 dxc4 34. Kxe4 Re7 35. Kf3 h5 36. Kg3 h4+ 37. Kf2 Bd5 38. Bf3 Bxf3 39. Kxf3 c3 40. bxc3 Kc4 41. Rd4+ Kxc3 42. Ra4 Re5 43. Kg4 Rc5 44. Re4 Kb2 45. Re2+ Kb1 46. Rf2 a4 47. g3 hxg3 48. hxg3 a3 49. Rd2 Rb5 50. Rf2 Rb2 51. Rf1+ Kxa2 52. Kxg5 Rg2 53. g4 Kb2 54. Rf8 a2 55. Rb8+ Kc1 56. Rc8+ Kb1 57. Rb8+ Rb2 58. Ra8 a1=Q 59. Rxa1+ Kxa1 60. Kf6 Rb6+ 61. Kf7 Kb2 62. g5 Kc3 63. g6 Kd4 64. g7 Rb7+ 65. Kf6 Rb8 66. Kf7 Ke5 67. g8=Q Rxg8 68. Kxg8 1/2-1/2


[Site "https://www.chess.com"]